 Dungeon Crawl Stone Soup version 0.20.1-1-g8b1a95d (webtiles) character file.

260 RicketyTrickster the Cutter (level 6, -5/39 HPs)
             Began as a Kobold Berserker on July 4, 2017.
             Was a Believer of Trog.
             Slain by a gnoll
             ... wielding a +0 halberd
              (13 damage)
             ... on level 3 of the Dungeon.
             The game lasted 00:09:00 (2823 turns).

RicketyTrickster the Cutter (Kobold Berserker)      Turns: 2823, Time: 00:09:00

Health: -5/39      AC:  4    Str: 16    XL:     6   Next: 41%
Magic:  6/6        EV: 16    Int:  9    God:    Trog [**....]
Gold:   58         SH:  0    Dex: 14    Spells: 5/5 levels left

rFire    . . .     SeeInvis .   a - +1 short sword
rCold    . . .     Gourm    .   (shield restricted)
rNeg     . . .     Faith    .   p - +1 leather armour
rPois    .         Spirit   .   (no helmet)
rElec    .         Reflect  .   (no cloak)
rCorr    .         Harm     .   (no gloves)
MR       .....                  (no boots)
Stlth    ++........             (no amulet)
Regen    0.2/turn               (no ring)
MPRegen  0.1/turn               (no ring)

@: no status effects
A: carnivore 3, sense surroundings 2
a: Berserk, Trog's Hand, Burn Spellbooks, Renounce Religion


You were on level 3 of the Dungeon.
You worshipped Trog.
Trog was pleased with you.
You were completely stuffed.

You visited 1 branch of the dungeon, and saw 3 of its levels.

You collected 58 gold pieces.

Inventory:

Hand Weapons
 a - a +1 short sword (weapon)
 m - a +0 hand crossbow
Missiles
 f - 23 bolts
Armour
 p - a +1 leather armour (worn)
Jewellery
 d - a cursed ring of loudness
Scrolls
 b - 2 scrolls of identify
 h - a scroll of teleportation
 i - a scroll of noise {unknown}
 k - a scroll of magic mapping
 l - a scroll of remove curse
Potions
 e - a potion of mutation
Comestibles
 c - a meat ration
 g - 7 chunks of flesh
 j - 2 bread rations
 n - 4 fruits


   Skills:
 + Level 4.6 Fighting
 + Level 6.3 Short Blades
 + Level 2.3 Armour
 + Level 3.7 Dodging
 + Level 1.7 Stealth


You had 5 spell levels left.
You didn't know any spells.

Dungeon Overview and Level Annotations

Branches:
Dungeon (3/15)

Altars:
Gozag
Zin


Innate Abilities, Weirdness & Mutations

You are small and have problems with some larger weapons.
You are carnivorous and can eat meat at any time.
You passively map the area around you.


Message History

You puncture the gnoll!
The gnoll is severely wounded.
The gnoll hits you with a spear. The gnoll hits you with a halberd!
* * * LOW HITPOINT WARNING * * *
An orc comes into view. It is wielding a mace.
The orc shouts!
You hit the gnoll.
You kill the gnoll!
Trog accepts your kill. The gnoll misses you.
Things that are here:
a flail; a gnoll corpse
Found 12 gold pieces.
A jackal comes into view.
The jackal barks!
A jackal comes into view.
You see here 12 gold pieces.
The jackal barks!
The gnoll hits you with a halberd!
You die...

#.....$.>...., , , , *
,.o.?.....# _ , , ,
#.).....# * ,, ,, , *
#)....# * ,, , , , *
##o(.## * ,, * ,, #.### *
* #.# , ,
#######.###############..
,*
#.............og@$h...h..
#.#####.##############...
#.### #.# * #...# #.# , *
###.###.## * * ,
#..##..##### *
##....))...# ##...)<...#
* #.....)..# ,


You could see a gnoll, an orc and 2 jackals.

Vanquished Creatures
  A gnoll shaman (D:3)
  Natasha (thrice) (D:2)
  8 gnolls (D:3)
  4 adders (D:2)
  A worm (D:2)
  A dart slug (D:2)
  A leopard gecko (D:2)
  3 giant cockroaches
  3 goblins
  A hobgoblin (D:2)
  2 jackals (D:1)
  A quokka (D:2)
  4 ball pythons (D:2)
  3 bats (D:2)
  3 frilled lizards
  5 kobolds
  5 rats
49 creatures vanquished.

Notes
Turn   | Place    | Note
-------+----------+-------------------------------------------
     0 | D:1      | RicketyTrickster the Kobold Berserker began the quest for the Orb.
     0 | D:1      | Reached XP level 1. HP: 14/14 MP: 1/1
   400 | D:1      | Reached XP level 2. HP: 17/19 MP: 2/2
  1091 | D:2      | Reached XP level 3. HP: 19/24 MP: 3/3
  1149 | D:2      | Noticed Natasha
  1156 | D:2      | Killed Natasha
  1156 | D:2      | Reached XP level 4. HP: 12/29 MP: 4/4
  1250 | D:2      | Noticed Natasha
  1256 | D:2      | HP: 2/43 [Natasha/magic dart (7)]
  1259 | D:2      | Killed Natasha
  1259 | D:2      | Reached skill level 5 in Short Blades
  1259 | D:2      | Reached skill level 1 in Stealth
  1745 | D:2      | Reached XP level 5. HP: 18/33 MP: 5/5
  2105 | D:2      | Noticed Natasha
  2116 | D:2      | Killed Natasha
  2116 | D:2      | Reached ** piety under Trog
  2418 | D:2      | Found an opulent altar of Gozag.
  2419 | D:2      | Found a glowing silver altar of Zin.
  2583 | D:2      | Gained mutation: You passively map a small area around you. [potion of mutation]
  2583 | D:2      | Gained mutation: You passively map the area around you. [potion of mutation]
  2746 | D:3      | Reached skill level 6 in Short Blades
  2748 | D:3      | Reached XP level 6. HP: 37/39 MP: 6/6
  2823 | D:3      | Slain by a gnoll

Skill      XL: |  1  2  3  4  5 |
---------------+----------------+-----
Fighting       | 4 |  4.6
Short Blades   | 5 6 |  6.3
Dodging        | 3 |  3.7
Stealth        | 1 |  1.7
Armour         | 2 |  2.3

Action                   |  1- 3 |  4- 6 || total
-------------------------+-------+-------++-------
Melee: Short sword       |    74 |   111 ||   185
Invok: Berserk           |     2 |     3 ||     5
  Use: Scroll            |       |     6 ||     6
       Potion            |       |     3 ||     3
 Stab: Sleeping          |     1 |       ||     1
       Distracted        |       |     1 ||     1
  Eat: Chunk             |    10 |     9 ||    19
Armor: Animal skin       |    12 |       ||    12
       Leather armour    |       |    13 ||    13
Dodge: Dodged            |    51 |    73 ||   124
